[Event "*** Titled Tuesday Blitz"]
[Site "Chess.com"]
[Date "2019.10.01"]
[Round "5"]
[White "Alexander_Moskalenko"]
[Black "Blackmind96"]
[Result "1/2-1/2"]
[WhiteElo "2889"]
[BlackElo "2697"]
[TimeControl "180+2"]
[EndTime "14:15:13 PDT"]
[Termination "Game drawn by agreement"]

1. c4 Nf6 2. Nc3 e6 3. Nf3 d5 4. e3 Be7 5. b3 O-O 6. Bb2 b6 7. Qc2 Bb7 8. Be2 c5 9. cxd5 Nxd5 10. Nxd5 Qxd5 11. a3 Nd7 12. O-O Nf6 13. d3 Rac8 14.
Rfd1 Rfd8 15. Rab1 Nd7 16. Ne1 Nf6 17. Bf3 Qd7 18.
Bxb7 Qxb7 19. Qc4 b5 20. Qf4 Qd5 21. Ba1 Bd6 22. Qf3 Qxf3 23. Nxf3 Be7 24. Kf1 Kf8 25.
Ke2 Ke8 26. a4 a6 27. axb5 axb5 28. Bb2 Ra8 29. Ra1 g6 30. Rdc1 Nd5 31. Ne1 Nb4 32.
g4 f5 33. h3 Na2 34. Rd1 Nb4 35. Bc3 Nd5 36. Be5 Kd7 37. e4 Nb4 38. Bc3 Nc6 39. Nc2 Ke8 40. f4 fxe4 41. dxe4 b4 42. Rxd8+ Rxd8 43. Bb2 e5 44. fxe5 Bg5 45. Ne3 Nd4+ 46. Bxd4 Rxd4 47. Ra8+ Kf7 48. Ra7+ Ke6 49. Nc4 Rxe4+ 50.
Kf3 Rf4+ 51. Ke2 Rf7 52. Ra6+ Kd5 53. e6 Re7 54. Rd6+ Ke4 55. Nd2+ Bxd2 56. Kxd2 Ke5 57. Rc6 Kd5 58. Ra6 Rxe6 59. Ra7 h5 60. gxh5 gxh5 61.
Rh7 Re5 62. h4 Rf5 63. Rd7+ Ke4 64. Rh7 Rf2+ 65. Kc1 Rf5 66. Kd2 Kf4 67. Rg7 Rd5+ 68. Kc2 Re5 69. Kd2 Ke4 70. Ke2 Rf5 71. Kd2 Rf2+ 72.
Kc1 Kd4 73. Rg5 Rf3 74. Kb2 Rf2+ 75. Kc1 Rh2 76. Rxh5 Rh1+ 77. Kc2 Rh3 78. Kb2 Rc3 79. Rg5 Rh3 80. Rg4+ Kd3 81. Rc4 Rh2+ 82. Kb1 Rh1+ 83. Kb2 Rh2+ 84. Kb1 Rh3 85. Rxc5 Rxh4 86. Kb2 Rh2+ 87.
Kb1 Rh1+ 88. Kb2 Rh2+ 89. Kb1 1/2-1/2

[Event "*** Titled Tuesday Blitz"]
[Site "Chess.com"]
[Date "2019.10.01"]
[Round "5"]
[White "mishanick"]
[Black "Olga_Ustinova"]
[Result "1-0"]
[WhiteElo "2977"]
[BlackElo "2347"]
[TimeControl "180+2"]
[EndTime "14:15:41 PDT"]
[Termination "mishanick won on time"]

1. e4 d5 2. exd5 Qxd5 3. Nc3 Qa5 4. Bb5+ c6 5. Ba4 Nf6 6. Nge2 Bg4 7. O-O Nbd7 8. a3 e6 9. b4 Qc7 10. h3 Bh5 11. d3 Bd6 12. Be3 O-O 13. Qd2 a6 14. Rae1 Bg6 15. Nf4 Rfe8 16. Nxg6 hxg6 17. Bb3 b5 18.
Ne4 Nxe4 19. dxe4 c5 20. c3 c4 21. Bc2 Red8 22. f4 Bf8 23. Qf2 Rab8 24. f5 gxf5 25.
exf5 e5 26. f6 Nxf6 27. Bg5 Be7 28. Qf5 Qd7 29. Qxe5 Bd6 30. Qe2 Re8 31. Qf3 Rxe1 32. Rxe1 Re8 33. Rd1 Qe7 34. Kh1 Qe1+ 35. Qf1 Qe5 36.
Rxd6 Qxd6 37. Bf4 Qe6 38. Bg3 Qe2 39. Qf5 Ne4 40. Bxe4 Qxe4 41. Qd7 Re6 42. Kh2 Qc2 43. Qd8+ Kh7 44. Qh4+ Kg8 45. Qd8+ Kh7 46. Qh4+ Rh6 47. Qd4 Qd3 48. Qe5 f6 49. Qc5 Rg6 50. Qh5+ Rh6 51. Qg4 f5 52. Qg5 Rg6 53. Qh5+ Rh6 54. Qg5 Qe4 55. Bf4 Qe6 56. Qg3 Rg6 57. Qf3 Kg8 58.
Qa8+ Kh7 59. Qf3 Qf6 60. Qe2 Qh4 61. Qe3 Qh5 62. Qe5 Rf6 63. Qd5 Qf7 64. Qf3 Qg6 65.
Qf2 Qh5 66. Qc5 Qe2 67. Qd5 Rg6 68. Bg3 Qe4 69. Qd2 Rf6 70. Bf4 Re6 71. Qf2 Kg8 72. Bg3 Rf6 73. Bf4 Rg6 74. Bg3 Qd3 75. Be5 Qe4 76. Bg3 Kf7 77. Bb8 Rf6 78. Bf4 g6 79.
Qa7+ Kg8 80. Qb8+ Rf8 81. Qd6 Rf7 82. Be5 Rg7 83. Qf6 1-0

[Event "*** Titled Tuesday Blitz"]
[Site "Chess.com"]
[Date "2019.10.01"]
[Round "5"]
[White "champ2005"]
[Black "FairChess_on_YouTube"]
[Result "1/2-1/2"]
[WhiteElo "2829"]
[BlackElo "2978"]
[TimeControl "180+2"]
[EndTime "14:15:45 PDT"]
[Termination "Game drawn by stalemate"]

1. Nf3 c6 2. c4 d5 3. d4 Nf6 4. cxd5 cxd5 5. Nc3 Nc6 6. Bf4 Nh5 7. Bd2 e6 8. e3 Bd6 9. Bd3 Nf6 10. O-O O-O 11. Qe2 e5 12. dxe5 Nxe5 13. Nxe5 Bxe5 14. h3 Re8 15. Qf3 Ne4 16. Rad1 Nxd2 17.
Rxd2 Be6 18. Re1 Bxc3 19. bxc3 Qa5 20. Rc1 Rac8 21. Rdc2 Qa3 22. Qf4 a5 23. Qd4 g6 24.
Rb1 Re7 25. Rb3 Qd6 26. c4 Rec7 27. Rb6 Qc5 28. cxd5 Qxd4 29. exd4 Bxd5 30. Rcb2 Rc1+ 31. Kh2 Rd8 32. R6b5 a4 33. Ra5 Bc6 34. Bb5 Rxd4 35. Bxc6 bxc6 36. Ra7 Kg7 37. Rc7 a3 38. Rb3 Rf4 39. f3 Rc2 40. Rxa3 h5 41. Ra6 Rxf3 42.
Raxc6 Rxa2 43. Rc2 Rf2 44. Rxa2 Rxa2 45. Rd7 h4 46. Rb7 g5 47. Rc7 Kg6 48. Rb7 Ra6 49. Rc7 f5 50. Rb7 Ra5 51. Kg1 g4 52. hxg4 fxg4 53.
Rb6+ Kg5 54. Rb1 Kf4 55. Rf1+ Kg3 56. Rb1 Ra3 57. Rc1 Re3 58. Rb1 Kf4 59. Rb4+ Re4 60. Rb1 Rd4 61. Re1 Rd3 62. Rb1 Ke3 63. Re1+ Kd4 64. Ra1 Ke5 65. Re1+ Kf4 66. Rf1+ Kg5 67. Ra1 Rd5 68. Rc1 Kf4 69. Rf1+ Ke3 70. Re1+ Kd2 71.
Re4 g3 72. Ra4 Rc5 73. Ra1 Rc1+ 74. Rxc1 Kxc1 75. Kf1 Kd2 76. Kg1 Ke2 77. Kh1 Kd2 78. Kg1 Ke1 79. Kh1 Ke2 80. Kg1 Ke3 81. Kf1 Kd3 82. Kg1 Ke2 83. Kh1 h3 84. Kg1 h2+ 85. Kh1 Kf2 1/2-1/2

[Event "*** Titled Tuesday Blitz"]
[Site "Chess.com"]
[Date "2019.10.01"]
[Round "5"]
[White "googlegoom"]
[Black "Playgood28"]
[Result "1/2-1/2"]
[WhiteElo "2480"]
[BlackElo "2290"]
[TimeControl "180+2"]
[EndTime "14:17:01 PDT"]
[Termination "Game drawn by stalemate"]

1. Nf3 f5 2. b3 d6 3. d4 Nf6 4.
Bb2 g6 5. e3 Bg7 6. Bd3 O-O 7.
Nbd2 Nc6 8. O-O Re8 9. c4 e5 10. dxe5 dxe5 11. Bb1 e4 12. Nd4 Ne5 13. c5 c6 14. b4 Kh8 15. Qb3 Qe7 16. Nc4 Nxc4 17. Qxc4 Ng4 18. Bc2 Ne5 19. Qb3 Be6 20. Nxe6 Qxe6 21.
Qxe6 Rxe6 22. Bd4 Rd8 23. Rfd1 Ree8 24. Kf1 Ng4 25. Bxg7+ Kxg7 26. h3 Ne5 27. Ke2 Kf6 28. Rxd8 Rxd8 29. Rd1 Rxd1 30. Bxd1 a5 31. bxa5 Nd3 32. a6 bxa6 33. Ba4 Nxc5 34. Bxc6 g5 35. g3 Ke5 36. Kd2 h6 37. Kc3 f4 38. a4 f3 39. a5 Nd3 40. Bb7 Nxf2 41. Bxa6 Nd1+ 42. Kd2 Nb2 43. Bb5 Kd6 44. Kc2 Kc5 45. a6 Kxb5 46.
a7 f2 47. a8=Q f1=Q 48. Qb7+ Kc5 49. Qc7+ Kd5 50. Qd7+ Kc5 51. Qc7+ Kb4 52. Qc3+ Ka4 53. Qb3+ Ka5 54. Qc3+ Ka6 55. Kxb2 Qe2+ 56. Kc1 Qf1+ 57. Kb2 Qxh3 58. Qc6+ Ka7 59. Qc5+ Ka6 60. Qc4+ Ka7 61. Qa4+ Kb8 62. Qb5+ Kc8 63. Qc6+ Kd8 64. Qd5+ Kc8 65.
Qc4+ Kd7 66. Qd4+ Kc7 67. Qe5+ Kc8 68. Qe8+ Kc7 69. Qe7+ Kc8 70. Qc5+ Kd7 71. Qd5+ Kc7 72. Qc4+ Kd7 73. Qd4+ Kc7 74. Qe5+ Kd7 75. Kc3 Qe6 76.
Qg7+ Kc6 77. Kd2 Qd5+ 78. Ke1 Qe6 79. Qc3+ Kd7 80. Kf2 Ke7 81. Qg7+ Qf7+ 82. Qxf7+ Kxf7 83. g4 Kg6 84. Kg3 Kf6 85. Kf2 Ke6 86. Ke2 Kf7 87. Kd2 Kg6 88. Kc3 h5 89. gxh5+ Kxh5 90. Kd4 g4 91. Kxe4 g3 92. Kf3 Kg5 93. Kxg3 Kf5 94. Kf3 Ke5 95. e4 Ke6 96. Kf4 Kf6 97. Ke3 Ke5 98.
Kd3 Ke6 99. Kd4 Kd6 100. e5+ Ke6 101. Ke4 Ke7 102. Kf5 Kf7 103. e6+ Ke7 104. Ke5 Ke8 105. Kd6 Kd8 106. Kd5 Ke7 107. Ke5 Ke8 108. Kf4 Ke7 109. Kf5 Ke8 110. Kg6 Ke7 111. Kf5 Ke8 112. Kf6 Kf8 113. Ke5 Ke7 114. Kd5 Ke8 115. Kd6 Kd8 116. e7+ Ke8 117. Ke6 1/2-1/2

[Event "*** Titled Tuesday Blitz"]
[Site "Chess.com"]
[Date "2019.10.01"]
[Round "6"]
[White "evgenyermolaev"]
[Black "JSPrepz"]
[Result "0-1"]
[WhiteElo "2492"]
[BlackElo "2814"]
[TimeControl "180+2"]
[EndTime "14:19:07 PDT"]
[Termination "JSPrepz won by resignation"]

1. e4 e5 2. Nf3 Nc6 3. Ba6 bxa6 4. d3 Nf6 5. Nc3 Bc5 6. Bg5 h6 7. Bh4 g5 8. Bg3 d6 9. Qd2 Rb8 10. O-O-O Be6 11. h4 g4 12. Ng1 Nd4 13. Nge2 Bb4 14.
Qe3 Bxc3 15. Nxc3 Qd7 16. f4 gxf3 17. gxf3 Qc6 18. f4 Qb6 19. b3 Nxb3+ 0-1

[Event "*** Titled Tuesday Blitz"]
[Site "Chess.com"]
[Date "2019.10.01"]
[Round "6"]
[White "RitvarsReimanis"]
[Black "mortngabriel"]
[Result "1-0"]
[WhiteElo "2588"]
[BlackElo "2347"]
[TimeControl "180+2"]
[EndTime "14:19:58 PDT"]
[Termination "RitvarsReimanis won by resignation"]

1. d4 Nf6 2. c4 c5 3. d5 b5 4. cxb5 a6 5. bxa6 g6 6. Nc3 Bxa6 7. Nf3 Bg7 8. Rb1 d6 9. b3 Nbd7 10. Bb2 Qa5 11. Qd2 O-O 12. g3 Nb6 13. Bg2 Nbxd5 14.
Nxd5 Qxd2+ 15. Nxd2 1-0

[Event "*** Titled Tuesday Blitz"]
[Site "Chess.com"]
[Date "2019.10.01"]
[Round "6"]
[White "KhalilMousavi77"]
[Black "harvsp123"]
[Result "1-0"]
[WhiteElo "2791"]
[BlackElo "2488"]
[TimeControl "180+2"]
[EndTime "14:19:58 PDT"]
[Termination "KhalilMousavi77 won by checkmate"]

1. e4 c5 2. Nf3 d6 3. d4 cxd4 4. Nxd4 Nf6 5. Nc3 a6 6. Bc4 e6 7. Be3 b5 8. Bb3 Be7 9. f4 Bb7 10. Bxe6 fxe6 11. Nxe6 Qa5 12. O-O Kf7 13. Ng5+ Kg8 14.
e5 Ne8 15. Nd5 Bxg5 16. fxg5 b4 17. Ne7# 1-0

[Event "*** Titled Tuesday Blitz"]
[Site "Chess.com"]
[Date "2019.10.01"]
[Round "6"]
[White "albano87"]
[Black "Saitama_Hero"]
[Result "0-1"]
[WhiteElo "2028"]
[BlackElo "2332"]
[TimeControl "180+2"]
[EndTime "14:21:33 PDT"]
[Termination "Saitama_Hero won by resignation"]

1. e4 e6 2. d4 d5 3. Nc3 Bb4 4. Ne2 dxe4 5. a3 Be7 6. Nxe4 Nf6 7. Nxf6+ Bxf6 8. Be3 O-O 9. h4 c5 10. Qd2 Nc6 11. O-O-O cxd4 12. Nxd4 Qb6 13. Nb3 Qc7 14. g4 b6 15. g5 Be7 16. Bg2 Bb7 17. h5 Rac8 18. g6 fxg6 19. hxg6 hxg6 20. Rdg1 Rfd8 21. Qe2 Bf6 22. Be4 Qe5 23. Bd3 Qxb2+ 24. Kd2 Bc3+ 25. Kd1 Qb1+ 26. Bc1 Ne5 0-1

[Event "*** Titled Tuesday Blitz"]
[Site "Chess.com"]
[Date "2019.10.01"]
[Round "6"]
[White "Vojtap"]
[Black "WorldChampionBulletChess"]
[Result "0-1"]
[WhiteElo "2156"]
[BlackElo "2111"]
[TimeControl "180+2"]
[EndTime "14:21:37 PDT"]
[Termination "WorldChampionBulletChess won by resignation"]

1. e4 d5 2. exd5 Qxd5 3. Nc3 Qd8 4. d4 Nf6 5. Nf3 Bf5 6. Bc4 e6 7. O-O Bd6 8. Re1 O-O 9. Qe2 c6 10. Ne5 Nbd7 11. Bf4 Bxe5 12. dxe5 Nd5 13. Nxd5 cxd5 14.
Bb3 Nc5 15. Qf3 Nxb3 16. Qxb3 Qa5 17. Qxb7 Rab8 18. Qc7 Qxc7 0-1

[Event "*** Titled Tuesday Blitz"]
[Site "Chess.com"]
[Date "2019.10.01"]
[Round "6"]
[White "Perecke"]
[Black "WeAintSurePal"]
[Result "0-1"]
[WhiteElo "2102"]
[BlackElo "2349"]
[TimeControl "180+2"]
[EndTime "14:21:42 PDT"]
[Termination "WeAintSurePal won by resignation"]

1. e4 c6 2. Nf3 d5 3. Nc3 dxe4 4. Nxe4 Nf6 5. Nxf6+ exf6 6. Bc4 Bd6 7. O-O O-O 8. d4 Re8 9. c3 Nd7 10. Bd2 Nf8 11.
Qc2 Bg4 12. Qd3 Bc7 13. h3 Bh5 14. Bc1 Qd6 15. g4 Bg6 16. Qd1 Be4 17. Bxf7+ Kh8 18.
Ne5 fxe5 19. Bxe8 exd4 20. f4 Rxe8 21. Qxd4 Bb6 0-1

[Event "*** Titled Tuesday Blitz"]
[Site "Chess.com"]
[Date "2019.10.01"]
[Round "6"]
[White "MITerryble"]
[Black "731291"]
[Result "0-1"]
[WhiteElo "2831"]
[BlackElo "2662"]
[TimeControl "180+2"]
[EndTime "14:21:52 PDT"]
[Termination "731291 won by resignation"]

1. d4 e6 2. Nf3 c5 3. dxc5 Bxc5 4.
e3 Nf6 5. c4 O-O 6. a3 a5 7.
Bd3 b6 8. O-O Bb7 9. Nc3 d5 10.
Qe2 Nbd7 11. Rd1 Qe7 12. cxd5 Nxd5 13. Ne4 Rac8 14. Bd2 N5f6 15. Nxc5 Nxc5 16. Bc4 Bd5 17. Nd4 Bxc4 18. Qxc4 Nce4 19. Qb5 Qc5 20. Qxc5 Rxc5 21. Re1 Nxd2 22. Rad1 Nc4 23. b4 Rcc8 24. bxa5 bxa5 25.
a4 Nd5 26. Nb5 Ncb6 27. Rd4 Nb4 28. h4 Nc2 0-1

[Event "*** Titled Tuesday Blitz"]
[Site "Chess.com"]
[Date "2019.10.01"]
[Round "6"]
[White "Aariow"]
[Black "2165149677570"]
[Result "1-0"]
[WhiteElo "2443"]
[BlackElo "2297"]
[TimeControl "180+2"]
[EndTime "14:21:54 PDT"]
[Termination "Aariow won by resignation"]

1. Nf3 c5 2. c4 Nc6 3. d4 cxd4 4. Nxd4 g6 5. e4 Nf6 6. Nc3 Nxd4 7. Qxd4 d6 8. Bg5 Bg7 9. Be2 O-O 10. Qd2 Be6 11.
O-O Qa5 12. Rfd1 Rfc8 13. b3 a6 14. Bxf6 Bxf6 15. Nd5 Qxd2 16. Nxf6+ Kg7 17. Nh5+ gxh5 18.
Rxd2 Bg4 19. f3 Be6 20. Kf2 Rc5 21. Ke3 b5 22. cxb5 axb5 23. Rb2 Rc3+ 24. Kd2 Rxb3 25. axb3 Rxa1 26. Bxb5 Ra5 27. Bd3 Kg6 28. b4 Ra7 29. b5 Rb7 30. b6 Rb8 31. b7 Kf6 32. Ba6 Ke5 33. Rc2 1-0

[Event "*** Titled Tuesday Blitz"]
[Site "Chess.com"]
[Date "2019.10.01"]
[Round "6"]
[White "PowerThinking2650"]
[Black "Svet99"]
[Result "0-1"]
[WhiteElo "2282"]
[BlackElo "2174"]
[TimeControl "180+2"]
[EndTime "14:21:55 PDT"]
[Termination "Svet99 won by resignation"]

1. e4 c6 2. d4 d5 3. Nc3 dxe4 4. Nxe4 Bf5 5. Ng3 Bg6 6. Nf3 Nd7 7. h4 h6 8. h5 Bh7 9. Bd3 Bxd3 10. Qxd3 e6 11.
Bd2 Ngf6 12. O-O-O Be7 13. c4 b5 14. c5 O-O 15. Kb1 a5 16. Ne4 Nxe4 17. Qxe4 Nf6 18. Qxc6 Nd5 19. Qxb5 Rb8 20. Qa4 Qc8 21. Ka1 Qb7 22.
Rb1 Nb4 23. Bxb4 axb4 24. Qb3 Ra8 25. Ne5 Rxa2+ 26. Qxa2 Ra8 27. c6 b3 28. Qa3 Qc8 29.
Nc4 Bxa3 30. bxa3 Qxc6 31. Rbc1 Qd5 32. Rhd1 Ra4 33. Nb6 Rxa3+ 34. Kb2 Ra2+ 35. Kb1 Qe4+ 0-1

[Event "*** Titled Tuesday Blitz"]
[Site "Chess.com"]
[Date "2019.10.01"]
[Round "6"]
[White "chessdjw"]
[Black "KhazarBabazada"]
[Result "1/2-1/2"]
[WhiteElo "2655"]
[BlackElo "2845"]
[TimeControl "180+2"]
[EndTime "14:22:02 PDT"]
[Termination "Game drawn by agreement"]

1. c4 Nf6 2. Nc3 d5 3. cxd5 Nxd5 4. g3 g6 5. Bg2 Nb6 6. h4 h5 7. Nf3 Bg7 8. d4 O-O 9. Bg5 Nc6 10. e3 Bg4 11.
O-O Qc8 12. Qc2 f6 13. Bf4 e5 14. dxe5 fxe5 15. Ng5 exf4 16. exf4 Bf5 17. Qb3+ Kh8 18.
Bxc6 bxc6 19. Nf7+ Kh7 20. Ng5+ Kh6 21. Qg8 1/2-1/2

[Event "*** Titled Tuesday Blitz"]
[Site "Chess.com"]
[Date "2019.10.01"]
[Round "6"]
[White "cukus"]
[Black "Marreuh"]
[Result "1-0"]
[WhiteElo "2463"]
[BlackElo "2107"]
[TimeControl "180+2"]
[EndTime "14:22:11 PDT"]
[Termination "cukus won by resignation"]

1. d4 Nf6 2. c4 e6 3. g3 d5 4.
Nf3 Be7 5. Bg2 O-O 6. O-O dxc4 7. Qc2 b5 8. a4 b4 9. Nbd2 c5 10. Ng5 b3 11. Qb1 h6 12. Nxf7 Rxf7 13. Bxa8 Qxd4 14.
Bg2 e5 15. Ne4 Bf5 16. Nxf6+ Rxf6 17. e4 Bg4 18. Be3 Qd3 19. Re1 Nc6 20. Bf1 Qxb1 21.
Bxc4+ Kh7 22. Raxb1 Nd4 23. Bxd4 exd4 24. e5 Rf3 25. Be2 1-0

[Event "*** Titled Tuesday Blitz"]
[Site "Chess.com"]
[Date "2019.10.01"]
[Round "6"]
[White "Kostya_Nikologorskiy"]
[Black "Alex_32167"]
[Result "1-0"]
[WhiteElo "2520"]
[BlackElo "2646"]
[TimeControl "180+2"]
[EndTime "14:22:17 PDT"]
[Termination "Kostya_Nikologorskiy won by resignation"]

1. d4 d5 2. c4 Bf5 3. cxd5 Bxb1 4. Qa4+ Qd7 5. Qxd7+ Nxd7 6. Rxb1 Ngf6 7. g3 Nxd5 8.
Bg2 Nb4 9. e3 c6 10. Bd2 e5 11.
a3 Nd5 12. e4 N5b6 13. Ne2 exd4 14. Nxd4 Nc4 15. Bc3 Nce5 16. f4 Ng4 17. Ke2 Ngf6 18.
Rhd1 Bc5 19. Nf5 O-O 20. e5 Nd5 21. Bxd5 cxd5 22. Rxd5 Rfd8 23. Rbd1 1-0

[Event "*** Titled Tuesday Blitz"]
[Site "Chess.com"]
[Date "2019.10.01"]
[Round "6"]
[White "parmupill123"]
[Black "francyIM"]
[Result "1-0"]
[WhiteElo "2523"]
[BlackElo "2653"]
[TimeControl "180+2"]
[EndTime "14:22:24 PDT"]
[Termination "parmupill123 won by resignation"]

1. e4 c6 2. d4 d5 3. exd5 cxd5 4. Bd3 Nc6 5. c3 Qc7 6. Ne2 Nf6 7. Bf4 Qb6 8. Qb3 Qd8 9. Nd2 e6 10. Nf3 Bd6 11. O-O O-O 12. Rfe1 Rb8 13. Ne5 Qc7 14. Qc2 Nxe5 15. dxe5 Bxe5 16. Bxe5 Qxe5 17. Nd4 Qc7 18. Re3 a6 19. Rae1 b5 20. a3 Bb7 21. Rh3 g6 22.
Qd2 e5 23. Nf5 e4 24. Qh6 gxf5 25. Qg5+ Kh8 26. Qxf6+ Kg8 27. Rg3+ Qxg3 28. hxg3 exd3 29. Qxf5 d2 30. Rd1 Rfe8 31. Rxd2 Re6 32. Rd4 Rbe8 33.
Rg4+ Kf8 34. Qxh7 Re1+ 35. Kh2 R8e6 36. Rf4 1-0

[Event "*** Titled Tuesday Blitz"]
[Site "Chess.com"]
[Date "2019.10.01"]
[Round "6"]
[White "cool4chess"]
[Black "dragos420"]
[Result "1-0"]
[WhiteElo "2597"]
[BlackElo "2363"]
[TimeControl "180+2"]
[EndTime "14:22:40 PDT"]
[Termination "cool4chess won by resignation"]

1. e4 e5 2. Nf3 Nc6 3. Bb5 a6 4. Ba4 Nge7 5. c3 g6 6. O-O Bg7 7. d4 exd4 8. cxd4 b5 9. Bc2 O-O 10. d5 Na5 11. Bd2 c5 12. Bc3 d6 13. b3 f6 14.
Nbd2 Nb7 15. Re1 g5 16. Nf1 Ng6 17. Ne3 Qc7 18. Nd2 Nd8 19. Ndf1 Nf7 20. Ng3 Nfe5 21.
Nef5 Nf4 22. Bxe5 fxe5 23. Qg4 Qd8 24. h4 Ra7 25. hxg5 Kh8 26. Nh5 Nxh5 27. Qxh5 Raf7 28. g6 1-0

[Event "*** Titled Tuesday Blitz"]
[Site "Chess.com"]
[Date "2019.10.01"]
[Round "6"]
[White "AminMolaei"]
[Black "SanchezKelvin"]
[Result "0-1"]
[WhiteElo "2673"]
[BlackElo "2533"]
[TimeControl "180+2"]
[EndTime "14:22:41 PDT"]
[Termination "SanchezKelvin won on time"]

1. d4 Nf6 2. c4 g6 3. Nc3 Bg7 4.
Nf3 d6 5. g3 O-O 6. Bg2 c5 7. O-O Nc6 8. d5 Na5 9. Nd2 a6 10. Qc2 Rb8 11. b3 b5 12. Bb2 bxc4 13. bxc4 Bd7 14. e4 Ng4 15. Rab1 Ne5 16. Ne2 Rb4 17. f4 Ba4 0-1

[Event "*** Titled Tuesday Blitz"]
[Site "Chess.com"]
[Date "2019.10.01"]
[Round "6"]
[White "Rodalquilar"]
[Black "Grieve72"]
[Result "1-0"]
[WhiteElo "2591"]
[BlackElo "2333"]
[TimeControl "180+2"]
[EndTime "14:22:41 PDT"]
[Termination "Rodalquilar won by checkmate"]

1. d4 d5 2. Nf3 e6 3. Bf4 Nf6 4. e3 Bd6 5. Bg3 O-O 6. c4 c5 7.
Nc3 b6 8. dxc5 bxc5 9. cxd5 Bxg3 10. hxg3 exd5 11. Qc2 Nc6 12. Rd1 Be6 13. Ng5 Nb4 14. Qb1 h6 15. Nxe6 fxe6 16. Qg6 Qa5 17. Rxh6 Nxa2 18.
Ra1 d4 19. Bc4 Rae8 20. Rxa2 Qb4 21. Rxa7 Nd7 22. Rxd7 dxc3 23. Qxg7# 1-0

[Event "*** Titled Tuesday Blitz"]
[Site "Chess.com"]
[Date "2019.10.01"]
[Round "6"]
[White "PaulfromSPb"]
[Black "GelmanAlexander"]
[Result "1-0"]
[WhiteElo "2664"]
[BlackElo "2501"]
[TimeControl "180+2"]
[EndTime "14:22:43 PDT"]
[Termination "PaulfromSPb won on time"]

1. e4 d5 2. Nc3 dxe4 3. Nxe4 e5 4. Bc4 f5 5. Nc3 Nf6 6. d3 Nc6 7. Nf3 f4 8. h3 Bb4 9. O-O Bf5 10. Re1 Bxc3 11.
bxc3 e4 12. Bxf4 Na5 13. Nd4 Qd7 14. dxe4 Bxe4 15. Bd3 Qf5 16. Bxe4 Nxe4 17. Nxf5 1-0

[Event "*** Titled Tuesday Blitz"]
[Site "Chess.com"]
[Date "2019.10.01"]
[Round "6"]
[White "Frolik67"]
[Black "ural58"]
[Result "1-0"]
[WhiteElo "2584"]
[BlackElo "2387"]
[TimeControl "180+2"]
[EndTime "14:22:43 PDT"]
[Termination "Frolik67 won by resignation"]

1. e4 d5 2. exd5 Qxd5 3. Nc3 Qa5 4. d4 Nf6 5. Bd2 Bg4 6. Be2 Bxe2 7. Qxe2 e6 8. Nf3 Nbd7 9. a3 Be7 10. h3 O-O-O 11. O-O h6 12. b4 Qf5 13. Be3 g5 14. d5 Nxd5 15. Nxd5 Qxd5 16. Bxa7 Bf6 17. Rad1 Qc6 18. Be3 Nb6 19. Ne5 Bxe5 20. Bxb6 f6 21. Be3 Qe4 22. Qb5 Rxd1 23. Rxd1 Qxc2 24. Qd7+ Kb8 25. Qd8+ 1-0

[Event "*** Titled Tuesday Blitz"]
[Site "Chess.com"]
[Date "2019.10.01"]
[Round "6"]
[White "Stouuf"]
[Black "AndrewMcStone"]
[Result "1-0"]
[WhiteElo "2610"]
[BlackElo "2152"]
[TimeControl "180+2"]
[EndTime "14:22:50 PDT"]
[Termination "Stouuf won by resignation"]

1. e4 Nc6 2. Nf3 Nf6 3. e5 Ng4 4. d4 d6 5. h3 Nh6 6. Bxh6 gxh6 7. e6 fxe6 8. Nc3 Bg7 9. d5 Nb8 10. Bc4 e5 11. Qe2 O-O 12. O-O-O a6 13. Kb1 b5 14.
Bd3 Nd7 15. g4 Nc5 16. Ne4 Nxd3 17. Rxd3 Bb7 18. Rhd1 Rc8 19. Nh4 c6 20. dxc6 Rxc6 21. Nf5 Qc7 22. Neg3 e4 23. Qxe4 Rxc2 24. Qe6+ Kh8 25.
Nxg7 Kxg7 26. Nf5+ Rxf5 27. gxf5 Rxf2 28. Rg3+ 1-0

[Event "*** Titled Tuesday Blitz"]
[Site "Chess.com"]
[Date "2019.10.01"]
[Round "6"]
[White "DonRodrigue"]
[Black "Casablanca"]
[Result "1-0"]
[WhiteElo "2706"]
[BlackElo "2196"]
[TimeControl "180+2"]
[EndTime "14:22:54 PDT"]
[Termination "DonRodrigue won by resignation"]

1. d4 e6 2. Nf3 Nf6 3. c4 Bb4+ 4.
Bd2 Bxd2+ 5. Nbxd2 d5 6. e3 b6 7. cxd5 exd5 8. Rc1 Bb7 9. Bd3 Nbd7 10. O-O O-O 11. Qc2 Rc8 12. Ne5 Re8 13. Nxd7 Qxd7 14. Bf5 Qd6 15. Bxc8 Rxc8 16. Qa4 a6 17. Nf3 Nd7 18.
Rc2 c5 19. dxc5 bxc5 20. Rfc1 Re8 21. b3 Re4 22. Qa3 Qg6 23. Qa5 Rg4 24. g3 d4 25.
Rxc5 Nf8 26. Qb4 Qe4 27. Rc8 h5 28. Qxf8+ Kh7 29. Qh8+ Kg6 30. R8c6+ Bxc6 31. Rxc6+ Qxc6 32. Ne5+ Kf5 33. Nxc6 dxe3 34. fxe3 Rc4 35. bxc4 1-0

[Event "*** Titled Tuesday Blitz"]
[Site "Chess.com"]
[Date "2019.10.01"]
[Round "6"]
[White "santosalberto1987"]
[Black "IMRosen"]
[Result "0-1"]
[WhiteElo "2379"]
[BlackElo "2625"]
[TimeControl "180+2"]
[EndTime "14:22:54 PDT"]
[Termination "IMRosen won by resignation"]

1. e4 e5 2. Nf3 Nf6 3. Nxe5 Nc6 4.
d4 Nxe4 5. Bd3 d5 6. Nxc6 bxc6 7. O-O Be6 8. f3 Nf6 9. Bf4 Bd6 10. Bxd6 cxd6 11.
c3 O-O 12. Nd2 Rb8 13. Qc2 c5 14. b3 Qb6 15. Qb2 Rfc8 16. Rfe1 a5 17. a3 c4 18. Bc2 cxb3 19. Qxb3 Qc6 20. Qa4 Qxc3 21. Nb3 Qxc2 22. Rac1 Qd3 23. Nxa5 Rxc1 0-1

[Event "*** Titled Tuesday Blitz"]
[Site "Chess.com"]
[Date "2019.10.01"]
[Round "6"]
[White "Spalir"]
[Black "Vlad_Lukiianchuk"]
[Result "1-0"]
[WhiteElo "2815"]
[BlackElo "2557"]
[TimeControl "180+2"]
[EndTime "14:22:57 PDT"]
[Termination "Spalir won by resignation"]

1. d4 Nf6 2. c4 e6 3. Nf3 d5 4.
Nc3 dxc4 5. e4 a6 6. Bxc4 b5 7. Bd3 c5 8. dxc5 Bxc5 9. e5 Nd5 10. Be4 Nxc3 11. Qxd8+ Kxd8 12. Bxa8 Nd5 13. Bxd5 exd5 14. Be3 Bxe3 15. fxe3 h6 16. Kd2 Re8 17. Rhc1 Bb7 18. a4 b4 19. a5 Nc6 20. Rc5 Nxe5 21. Nxe5 Rxe5 22. Rf1 f6 23. Rf4 Bc8 24. Rxb4 Re7 25. Rb8 Rc7 26. Rxc7 Kxc7 27. Rb6 Bb7 28. g3 1-0

[Event "*** Titled Tuesday Blitz"]
[Site "Chess.com"]
[Date "2019.10.01"]
[Round "6"]
[White "Karacsonyi_Gellert"]
[Black "pedroholly22"]
[Result "1-0"]
[WhiteElo "2536"]
[BlackElo "2333"]
[TimeControl "180+2"]
[EndTime "14:22:59 PDT"]
[Termination "Karacsonyi_Gellert won by resignation"]

1. e4 e6 2. d4 d5 3. Nd2 Nf6 4. e5 Nfd7 5. c3 c5 6. Bd3 Nc6 7. Ne2 f6 8. exf6 Qxf6 9. Nf3 Bd6 10. O-O h6 11. Be3 O-O 12. Ng3 cxd4 13. cxd4 e5 14.
dxe5 Ndxe5 15. Nxe5 Nxe5 16. Bd4 Qh4 17. Be2 Kh8 18. Rc1 Ng4 19. Bxg4 Bxg4 20. Qd3 Rae8 21. Qg6 Be5 22. Bxe5 Rxe5 23. Rc7 Rg5 24. Qd6 Rg8 25.
Rxb7 Bc8 26. Rxa7 Qc4 27. b3 Qb5 28. Rf7 Bg4 29. Rf8 Rxf8 30. Qxf8+ Kh7 31. Qf4 Rg6 32. h3 Bd7 33. Rd1 Qa5 34. Qd2 Ra6 35. Qxa5 Rxa5 36. Rd2 d4 37. Rxd4 Be8 38. Rd2 Bg6 39. b4 h5 40. bxa5 1-0

[Event "*** Titled Tuesday Blitz"]
[Site "Chess.com"]
[Date "2019.10.01"]
[Round "6"]
[White "swayamsm"]
[Black "CzechmVIII"]
[Result "1-0"]
[WhiteElo "2446"]
[BlackElo "2105"]
[TimeControl "180+2"]
[EndTime "14:23:06 PDT"]
[Termination "swayamsm won by resignation"]

1. d4 Nf6 2. Nf3 c5 3. d5 b5 4. e4 Nxe4 5. c3 a6 6. a4 b4 7. cxb4 Qb6 8. bxc5 Qxc5 9. Be3 Qb4+ 10. Nbd2 d6 11.
Bd3 Nc5 12. Qc2 Bg4 13. O-O Bxf3 14. Nxf3 Nbd7 15. Rfc1 e5 16. dxe6 Nxe6 17. Be4 Rb8 18. Bc6 Be7 19. Bxd7+ Kxd7 20. Qc6+ Kd8 21. a5 Nc5 22.
Bxc5 dxc5 23. Rd1+ 1-0